 Dungeon Crawl Stone Soup version 0.21-a0-150-gc243083 (webtiles) character file.

15778 drasked the Brawler (level 12, -2/126 HPs)
             Began as a Troll Monk on July 28, 2017.
             Was a High Priest of Okawaru.
             Slain by a freezing wraith (9 damage)
             ... led by a death knight
             ... on level 11 of the Dungeon.
             The game lasted 00:53:24 (11860 turns).

drasked the Brawler (Troll Monk)                   Turns: 11860, Time: 00:53:25

Health: -2/126     AC: 10    Str: 26    XL:     12   Next: 4%
Magic:  11/11      EV: 11    Int:  6    God:    Okawaru [*****.]
Gold:   764        SH:  0    Dex: 12    Spells: 11/11 levels left

rFire    + . .     SeeInvis +     - Unarmed
rCold    + . .     Gourm    +   (no shield)
rNeg     . . .     Faith    .   D - +3 troll leather armour {regen}
rPois    .         Spirit   .   (helmet restricted)
rElec    .         Reflect  .   m - scarf {rC+ rF+}
rCorr    .         Harm     .   (gloves unavailable)
MR       .....                  (boots unavailable)
Stlth    +.........             (no amulet)
HPRegen  1.11/turn              p - ring of see invisible {sInv, !d}
MPRegen  0.12/turn              (no ring)

@: confused, slowed, very slow
A: unfitting armour, claws 3, fast metabolism 3, gourmand, regeneration 1,
shaggy fur 1, tough skin 2
a: Heroism, Finesse, Renounce Religion


You were on level 11 of the Dungeon.
You worshipped Okawaru.
Okawaru was extremely pleased with you.
You were full.

You visited 2 branches of the dungeon, and saw 12 of its levels.
You also visited: Sewer and Bailey.

You collected 764 gold pieces.

Inventory:

Hand Weapons
 f - the +4 giant club of Proximity {freeze, +Rage rElec}
   (Okawaru gifted it to you on level 10 of the Dungeon)

   It has been specially enchanted to freeze those struck by it, causing extra
   injury to most foes and up to half again as much damage against particularly
   susceptible opponents.
   It can also slow down cold-blooded creatures.
   It insulates you from electricity.
   It lets you go berserk.
Missiles
 y - 10 poisoned javelins (quivered)
Armour
 m - a scarf of resistance (worn)
   (You found it on level 9 of the Dungeon)
 D - a +3 troll leather armour (worn) {regen}
   (You found it on level 10 of the Dungeon)
Jewellery
 p - a ring of see invisible (left claw) {sInv, !d}
   (You found it on level 3 of the Dungeon)
Wands
 r - a wand of disintegration (3/24)
   (You found it on level 6 of the Dungeon)
 u - a wand of iceblast (5/15)
   (You took it off Ijyb on level 3 of the Dungeon)
Scrolls
 a - a scroll of magic mapping {!r}
 c - 4 scrolls of teleportation
 e - 3 scrolls of identify
 k - 8 scrolls of remove curse
 n - 3 scrolls of recharging
 o - 2 scrolls of amnesia
 t - a scroll of fog {unknown}
 w - a scroll of enchant weapon
Potions
 d - 2 potions of might
 h - 3 potions of flight
 j - 3 potions of agility
 l - 6 potions of curing
 v - 3 potions of lignification {!q}
 x - 2 potions of resistance
 A - a potion of ambrosia
Books
 q - a book of Cantrips
   (You found it on level 3 of the Dungeon)
 E - a book of Frost
   (You found it on level 10 of the Dungeon)
Comestibles
 b - 9 bread rations {@e1}
 i - 9 fruits
 s - 7 royal jellies
 B - 5 meat rations {@e2}


   Skills:
 + Level 9.8 Fighting
 + Level 3.6 Dodging
 - Level 1.0 Stealth
 * Level 15.3 Unarmed Combat


You had 11 spell levels left.
You didn't know any spells.

Dungeon Overview and Level Annotations

Branches:
Dungeon (11/15)            Temple (1/1) D:6            Lair (0/6) D:11
    Orc (0/2) D:11

Altars:
Ashenzari
Cheibriados
Dithmenos
Elyvilon
Fedhas
Gozag
Hepliaklqana
Kikubaaqudgha
Makhleb
Nemelex Xobeh
Okawaru
Qazlal
Ru
Sif Muna
Trog
Uskayaw
Vehumet
Wu Jian
Xom
Yredelemnul
Zin
The Shining One
Lugonu


Innate Abilities, Weirdness & Mutations

You are too large for most types of armour.
You have claws for hands.
Your metabolism is lightning-fast.
You like to eat raw meat.
Your natural rate of healing is unusually fast.
You are covered in fur. (AC +1)
You have very tough skin. (AC +2)


Message History

Health restored: 126; MP restored: 11 You don't know any spells.
Unknown command.
Unknown command.
Aim: a vampire mosquito (chance to defeat MR: 65%)
The vampire mosquito is blasted.
Evoking this partially-identified wand wasted a few charges.
The vampire mosquito barely misses you.
Aim: a vampire mosquito (heavily damaged, chance to defeat MR: 65%)
The vampire mosquito struggles to resist.
Evoking this partially-identified wand wasted a few charges.
The vampire mosquito bites you but does no damage.
You mangle the vampire mosquito!!
You destroy the vampire mosquito!
Okawaru accepts your kill.
You eviscerate the vampire mosquito!!!
You destroy the vampire mosquito!
Okawaru accepts your kill. The vampire mosquito bites you.
The vampire mosquito draws strength from your injuries!
The skeletal warrior hits you from afar with a halberd!
You take 18 damage, and have 108/126 hp.
You completely miss the vampire mosquito.
The vampire mosquito bites you.
The vampire mosquito draws strength from your injuries!
The vampire mosquito bites you!
The vampire mosquito draws strength from your injuries!
You take 11 damage, and have 97/126 hp.
You barely miss the vampire mosquito.
The skeletal warrior closely misses you.
The vampire mosquito bites you but does no damage.
You mangle the vampire mosquito!!
You destroy the vampire mosquito!
Okawaru accepts your kill.
The skeletal warrior hits you from afar with a halberd.
You take 5 damage, and have 93/126 hp.
The freezing wraith hits you. The freezing wraith freezes you! You resist.
The freezing wraith hits you!
There is an open door, spattered with blood here.
You take 19 damage, and have 74/126 hp.
You scratch the freezing wraith but do no damage.
The skeletal warrior hits you with a halberd!!
You take 21 damage, and have 53/126 hp.
You closely miss the freezing wraith. The freezing wraith closely misses you.
The freezing wraith hits you! The freezing wraith drains your vigour!
You feel yourself slow down.
The skeletal warrior hits you with a halberd!!
* * * LOW HITPOINT WARNING * * *
You take 35 damage, and have 18/126 hp.
MASSIVE DAMAGE!!
You feel much better. The freezing wraith barely misses you.
The freezing wraith closely misses you.
The skeletal warrior hits you with a halberd!!
* * * LOW HITPOINT WARNING * * *
The freezing wraith hits you!
* * * LOW HITPOINT WARNING * * *
The freezing wraith freezes you. You resist.
* * * LOW HITPOINT WARNING * * *
The freezing wraith misses you.
You take 7 damage, and have 11/126 hp.
Okay, then.
Okay, then.
You feel much better.
The skeletal warrior hits you with a halberd!!
* * * LOW HITPOINT WARNING * * *
The freezing wraith hits you but does no damage.
The freezing wraith hits you.
* * * LOW HITPOINT WARNING * * *
The freezing wraith drains your vigour!
You feel as though you will be slow longer.
You regained 6 hp, and now have 17/126 hp.
The skeletal warrior hits you from afar with a halberd!
* * * LOW HITPOINT WARNING * * *
The freezing wraith closely misses you.
The freezing wraith hits you but does no damage.
You take 7 damage, and have 10/126 hp.
You regained 2 hp, and now have 12/126 hp.
You feel much better. The freezing wraith hits you.
* * * LOW HITPOINT WARNING * * *
The freezing wraith freezes you. You resist.
* * * LOW HITPOINT WARNING * * *
The freezing wraith barely misses you. The freezing wraith hits you.
* * * LOW HITPOINT WARNING * * *
The freezing wraith freezes you. You resist.
* * * LOW HITPOINT WARNING * * *
The freezing wraith hits you but does no damage.
You take 3 damage, and have 9/126 hp.
You regained 2 hp, and now have 11/126 hp.
The freezing wraith hits you but does no damage.
The freezing wraith hits you!
* * * LOW HITPOINT WARNING * * *
You take 9 damage, and have 2/126 hp.
Okay, then.
Unknown command.
You are confused.
You feel invigorated. The freezing wraith barely misses you.
The freezing wraith closely misses you. The freezing wraith hits you.
* * * LOW HITPOINT WARNING * * *
The freezing wraith freezes you! You resist.
You die...

# . ### #######.. ..#
#####..........# .> ..#
#...#..W.......# .. . ..#
#...#..........# .# .. #.#
#...#z.........# .##.. ..#
###z'..........###..... .##
#.#########..<....... .# .#
#.zW@........#....### .# +.#
.#..W................. .#
#.##.#..........#.#....###
.#######....###...######......###
..............#...# ..###'#####.#
.#..#...#>.##.#...#.#.#..........
..............#####...###########
..................(...... .......
........#..)...#..#..... .......


You could see a skeletal warrior and 2 freezing wraiths.

Vanquished Creatures
  A hydra (D:10)
  A centaur warrior (D:10)
  2 two-headed ogres
  Urug (D:10)
  An unseen horror (D:11)
  Pikel (D:6)
  An orc knight (Bailey)
  An ugly thing (D:11)
  A centaur zombie (D:8)
  A troll (D:10)
  Grinder (Sewer)
  2 hippogriffs
  The ghost of drasked the Ruffian, an amateur TrMo (D:3)
  A wraith (D:11)
  14 yaks
  2 hungry ghosts
  4 hogs (D:8)
  A human (D:8)
  4 vampire mosquitoes (D:11)
  2 black bears
  2 phantoms (D:9)
  7 orc warriors
  2 ice beasts
  3 ogres
  An eye of draining (D:7)
  2 centaurs
  2 big kobolds
  7 bullfrogs
  5 scorpions
  4 killer bees (D:7)
  25 wights
  7 howler monkeys
  3 quasits
  5 crimson imps
  2 centaur skeletons
  5 hounds
  4 jellies
  11 orc wizards
  8 orc priests
  2 bullfrog skeletons
  3 iguanas
  Ijyb (D:3)
  9 worker ants
  5 big kobold zombies (Sewer)
  2 hound skeletons
  Robin (D:2)
  2 gnolls (Bailey)
  13 adders
  2 shadow imps
  4 ufetubi (Sewer)
  2 oozes
  2 adder skeletons
  An adder zombie (D:6)
  2 worms
  A dart slug (D:2)
  4 leopard geckos
  59 orcs
  6 giant cockroaches
  21 goblins
  5 hobgoblins
  13 jackals
  6 quokkas
  3 ball pythons
  10 bats
  4 frilled lizards
  2 jackal skeletons
  42 kobolds
  A leopard gecko skeleton (D:7)
  A quokka skeleton (D:5)
  15 rats
  A fungus (D:9)
393 creatures vanquished.

Vanquished Creatures (others)
  A slave (D:6)
  An ogre (D:6)
  An adder (D:7)
  2 plants (D:11)
5 creatures vanquished.

Grand Total: 398 creatures vanquished

Notes
Turn   | Place    | Note
-------+----------+-------------------------------------------
     0 | D:1      | drasked the Troll Monk began the quest for the Orb.
     0 | D:1      | Reached XP level 1. HP: 22/22 MP: 0/0
   282 | D:1      | Reached XP level 2. HP: 29/29 MP: 1/1
   740 | D:1      | Reached skill level 4 in Unarmed Combat
  1069 | D:2      | Found an ornate altar of the Wu Jian Council.
  1079 | D:2      | Reached XP level 3. HP: 36/36 MP: 2/2
  1113 | D:2      | Found a blossoming altar of Fedhas.
  1113 | D:2      | Found a bloodstained altar of Trog.
  1114 | D:2      | Found a sacrificial altar of Ru.
  1157 | D:2      | Found a snail-covered altar of Cheibriados.
  1340 | D:2      | Found a deep blue altar of Sif Muna.
  1340 | D:2      | Noticed Robin
  1362 | D:2      | Killed Robin
  1459 | D:2      | Reached XP level 4. HP: 44/44 MP: 3/3
  1539 | D:3      | Found a bloodstained altar of Trog.
  1577 | D:3      | Reached skill level 3 in Fighting
  1577 | D:3      | Reached skill level 5 in Unarmed Combat
  1680 | D:3      | Noticed drasked's ghost (amateur TrMo)
  1782 | D:3      | Reached XP level 5. HP: 37/53 MP: 4/4
  1908 | D:3      | Found a shattered altar of Ashenzari.
  1965 | D:3      | Found a sparkling altar of Nemelex Xobeh.
  1970 | D:3      | Noticed Ijyb
  1987 | D:3      | Killed Ijyb
  2175 | D:3      | Killed drasked's ghost
  2175 | D:3      | Reached skill level 6 in Unarmed Combat
  2175 | D:3      | Reached XP level 6. HP: 18/62 MP: 5/5
  2270 | D:3      | Found a shadowy altar of Dithmenos.
  2701 | D:4      | Found a glowing golden altar of the Shining One.
  2850 | D:4      | Found a burning altar of Makhleb.
  2851 | D:4      | Found a shimmering altar of Xom.
  2857 | D:4      | Reached skill level 4 in Fighting
  3076 | D:4      | Reached skill level 7 in Unarmed Combat
  3076 | D:4      | Reached XP level 7. HP: 53/70 MP: 6/6
  3527 | D:5      | Entered Level 5 of the Dungeon
  3925 | D:5      | Reached skill level 8 in Unarmed Combat
  4156 | D:6      | Found a glowing drain.
  4170 | D:6      | Reached skill level 5 in Fighting
  4170 | D:6      | Reached XP level 8. HP: 58/80 MP: 7/7
  4264 | Sewer    | Entered a sewer
  4433 | Sewer    | Found a burning altar of Makhleb.
  4440 | Sewer    | Noticed Grinder
  4450 | Sewer    | Paralysed by Grinder for 3 turns
  4465 | Sewer    | Killed Grinder
  4465 | Sewer    | Reached skill level 9 in Unarmed Combat
  5000 | D:6      | Noticed Pikel
  5016 | D:6      | Killed Pikel
  5016 | D:6      | Reached skill level 6 in Fighting
  5016 | D:6      | Reached skill level 10 in Unarmed Combat
  5016 | D:6      | Reached XP level 9. HP: 43/89 MP: 8/8
  5107 | D:6      | Found a staircase to the Ecumenical Temple.
  5114 | Temple   | Entered the Ecumenical Temple
  5147 | Temple   | Became a worshipper of Warmaster Okawaru
  5147 | Temple   | Reached * piety under Okawaru
  5147 | Temple   | Reached ** piety under Okawaru
  5267 | D:6      | Found a hazy altar of Hepliaklqana.
  5867 | D:7      | Reached skill level 11 in Unarmed Combat
  5928 | D:7      | drasked: ??fighting
  5928 | D:7      | beem: fighting[1/1]: The Fighting skill gives you a bonus to accuracy and damage in melee and ranged, and improves your hit points by Fighting * (3/2 + XL/14) (see {hp}). Its effect on your damage is 0.83x the effect of weapon skill (not counting increases in attack speed), so if you want to hit hard then train it too.
  6064 | D:7      | Found a radiant altar of Vehumet.
  6071 | D:7      | Reached skill level 7 in Fighting
  6095 | D:7      | HP: 23/93 [poisoned by a killer bee]
  6100 | D:7      | HP: 22/93 [poisoned by a killer bee]
  6105 | D:7      | HP: 20/93 [poisoned by a killer bee]
  6111 | D:7      | HP: 21/93 [poisoned by a killer bee]
  6116 | D:7      | HP: 22/93 [poisoned by a killer bee]
  6351 | D:7      | Reached *** piety under Okawaru
  7033 | D:8      | Found a flagged portal.
  7039 | Bailey   | Entered a bailey
  7227 | Bailey   | Noticed an orc knight
  7240 | Bailey   | Reached skill level 12 in Unarmed Combat
  7240 | Bailey   | Reached XP level 10. HP: 99/102 MP: 6/9
  7252 | Bailey   | HP: 17/102 [orc knight/broad axe (26)]
  7259 | Bailey   | Killed an orc knight
  7264 | Bailey   | HP: 19/102 [orc warrior/war axe (10)]
  7688 | D:8      | Reached **** piety under Okawaru
  7746 | D:8      | Noticed a two-headed ogre
  7751 | D:8      | Killed a two-headed ogre
  7754 | D:8      | Reached skill level 8 in Fighting
  7760 | D:8      | Found a glowing silver altar of Zin.
  7872 | D:8      | Received a gift from Okawaru
  7872 | D:8      | Reached skill level 13 in Unarmed Combat
  8272 | D:9      | Found a hide-covered altar of Uskayaw.
  8314 | D:9      | Reached ***** piety under Okawaru
  8507 | D:9      | Reached XP level 11. HP: 52/113 MP: 10/10
  8667 | D:9      | Noticed a two-headed ogre
  8678 | D:9      | Killed a two-headed ogre
  8678 | D:9      | Received a gift from Okawaru
  8975 | D:9      | HP: 13/113 [orc warrior/halberd (21)]
  9014 | D:9      | HP: 24/113 [orc warrior/halberd (18)]
  9032 | D:9      | HP: 18/113 [orc warrior/halberd (18)]
  9120 | D:9      | Reached skill level 14 in Unarmed Combat
  9493 | D:10     | Entered Level 10 of the Dungeon
  9618 | D:10     | Reached skill level 9 in Fighting
  9913 | D:10     | Noticed Urug
  9923 | D:10     | Killed Urug
 10340 | D:10     | Noticed a six-headed hydra
 10401 | D:10     | Killed a six-headed hydra
 10682 | D:11     | Found a staircase to the Lair.
 10682 | D:11     | Noticed a death knight
 10682 | D:11     | Noticed a skeletal warrior
 10682 | D:11     | Noticed a white ugly thing
 10702 | D:11     | HP: 28/115 [vampire mosquito (7)]
 10708 | D:11     | HP: 9/115 [vampire mosquito (12)]
 10737 | D:10     | drasked: ??lair
 10737 | D:10     | beem: lair[1/2]: Accessed from the main dungeon somewhere between levels 8 and 11. Six levels deep. The lair is full of "natural" critters such as rats, snakes, and yaks. One of Swamp/Shoals and one of Snake/Spider appears there, as well as Slime, and there is a relatively hard vault on Lair:6. The petting zoo of Crawl, if petting zoos had hydras.
 11019 | D:10     | Received a gift from Okawaru
 11022 | D:10     | Got an iridescent giant club {god gift}
 11032 | D:10     | Identified the +4 giant club of Proximity {freeze, +Rage rElec} (Okawaru gifted it to you on level 10 of the Dungeon)
 11253 | D:10     | Noticed a centaur warrior
 11269 | D:10     | Killed a centaur warrior
 11269 | D:10     | Reached skill level 3 in Dodging
 11269 | D:10     | Reached skill level 15 in Unarmed Combat
 11544 | D:11     | Noticed an unseen horror
 11550 | D:11     | Killed an unseen horror
 11552 | D:11     | Found a staircase to the Orcish Mines.
 11800 | D:11     | Killed a white ugly thing
 11841 | D:11     | Reached XP level 12. HP: 126/126 MP: 11/11
 11852 | D:11     | HP: 18/126 [skeletal warrior/halberd[a death knight] (25)]
 11857 | D:11     | HP: 27/126 [freezing wraith[a death knight] (1)]
 11857 | D:11     | HP: 9/126 [freezing wraith[a death knight] (6)]
 11859 | D:11     | HP: 2/126 [freezing wraith[a death knight] (11)]
 11860 | D:11     | Slain by a freezing wraith

Vault maps used:
D:1:      elethiomel_arrival_diamonds, minmay_shallow_snake_nest
D:2:      led_sif_pool, overflow_temple_1_default, cheibriados_altar_1,
          gammafunk_temple_overflow_claw, first_bread, kennysheep_nub,
          uniq_robin
D:3:      nemelex_altar_shiori, nicolae_dithmenos_through_a_glass_darkly,
          nicolae_overflow_hidden_temple, bloody_trog, uniq_ijyb
D:4:      grunt_temple_overflow_champion_of_chaos, tso_oasis_becter,
          kennysheep_potato
D:5:      minmay_misc_feat_rows
D:6:      kennysheep_little_box, temple_fountains, gup_sewer_entry_glass,
          uniq_pikel
D:7:      nicolae_overflow_crystal_walls, nrook_mini_vaults
D:8:      lemuel_round_altar, enter_bailey_3, grunt_livestock
D:9:      lemuel_crystal_altar, minmay_gold_behind_fungi
D:10:     kennysheep_generic_room_8, uniq_urug
D:11:     david_lair_generic, orc_0_dummy
Temple:   corrupted_temple
Sewer:    kennysheep_sewer_church
Bailey:   bailey_axe_1, bailey

Skill      XL: |  1  2  3  4  5  6  7  8  9 10 11 |
---------------+----------------------------------+-----
Unarmed Combat | 4 5 6 7 8 10 12 13 15 | 15.3
Fighting       | 3 4 5 6 7 8 9 |  9.8
Dodging        | 3 |  3.6
Stealth        | |  1.0

Action                   |  1- 3 |  4- 6 |  7- 9 | 10-12 || total
-------------------------+-------+-------+-------+-------++-------
Melee: Unarmed           |   118 |   142 |   406 |   369 ||  1035
       Punch             |       |     2 |    14 |    24 ||    40
Throw: Tomahawk          |       |       |    22 |       ||    22
       Javelin           |       |       |       |    19 ||    19
Invok: Heroism           |       |       |     1 |     2 ||     3
Evoke: Wand              |       |       |     4 |     5 ||     9
  Use: Scroll            |       |       |    22 |     6 ||    28
       Potion            |       |       |       |     9 ||     9
 Stab: Sleeping          |     3 |     1 |     4 |     2 ||    10
       Distracted        |       |       |       |     1 ||     1
  Eat: Chunk             |    19 |    15 |    38 |    44 ||   116
       Meat ration       |       |       |       |     1 ||     1
Armor: Robe              |    57 |    41 |   132 |    68 ||   298
       Skin              |       |       |       |    13 ||    13
       Troll leather arm |       |       |       |    15 ||    15
Dodge: Dodged            |    66 |    47 |   254 |   147 ||   514

Vault maps used:
D:1:      elethiomel_arrival_diamonds, minmay_shallow_snake_nest
D:2:      led_sif_pool, overflow_temple_1_default, cheibriados_altar_1,
          gammafunk_temple_overflow_claw, first_bread, kennysheep_nub,
          uniq_robin
D:3:      nemelex_altar_shiori, nicolae_dithmenos_through_a_glass_darkly,
          nicolae_overflow_hidden_temple, bloody_trog, uniq_ijyb
D:4:      grunt_temple_overflow_champion_of_chaos, tso_oasis_becter,
          kennysheep_potato
D:5:      minmay_misc_feat_rows
D:6:      kennysheep_little_box, temple_fountains, gup_sewer_entry_glass,
          uniq_pikel
D:7:      nicolae_overflow_crystal_walls, nrook_mini_vaults
D:8:      lemuel_round_altar, enter_bailey_3, grunt_livestock
D:9:      lemuel_crystal_altar, minmay_gold_behind_fungi
D:10:     kennysheep_generic_room_8, uniq_urug
D:11:     david_lair_generic, orc_0_dummy
Temple:   corrupted_temple
Sewer:    kennysheep_sewer_church
Bailey:   bailey_axe_1, bailey

Table legend:
 A = Turns spent in this place as a percentage of turns spent in the entire game.
 B = Non-inter-level travel turns spent in this place as a percentage of non-inter-level travel turns spent in the entire game.
 C = Inter-level travel turns spent in this place as a percentage of turns spent in this place.
 D = Turns resting spent in this place as a percentage of non-inter-level travel turns spent in this place.
 E = Turns spent auto-exploring this place as a percentage of non-inter-level travel turns spent in this place.
 F = Non-inter-level travel turns spent in this place divided by the number of levels of this place that you've seen.
                   A       B       C       D       E      F
               +-------+-------+-------+-------+-------+----------------------
         Total | 100.0 | 100.0 |   0.5 |   1.3 |   6.9 | 394.9
       Dungeon |  86.9 |  86.9 |   0.5 |   1.2 |   7.2 | 436.7
        Temple |   0.5 |   0.5 |   3.7 |   0.0 |  26.9 |  26.0
         Sewer |   5.9 |   5.9 |   0.0 |   2.4 |   5.5 | 328.0
        Bailey |   6.7 |   6.7 |   0.0 |   1.1 |   3.5 | 370.0
               +-------+-------+-------+-------+-------+----------------------

Table legend:
 A = Kills in this place as a percentage of kills in entire the game.
 B = Kills by you in this place as a percentage of kills by you in the entire game.
 C = Kills by friends in this place as a percentage of kills by friends in the entire game.
 D = Other kills in this place as a percentage of other kills in the entire game.
 E = Experience gained in this place as a percentage of experience gained in the entire game.
 F = Experience gained in this place divided by the number of levels of this place that you have seen.
                   A       B       C       D       E      F
               +-------+-------+-------+-------+-------+----------------------
         Total | 100.0 | 100.0 |  -nan |  -nan | 100.0 | 1610.0
       Dungeon |  83.9 |  83.9 |  -nan |  -nan |  92.4 | 1892.5
         Sewer |   7.9 |   7.9 |  -nan |  -nan |   2.7 | 612.0
        Bailey |   8.2 |   8.2 |  -nan |  -nan |   4.9 | 1111.0
               +-------+-------+-------+-------+-------+----------------------
